Map: Dreamcatcher LE

Players

lIIllllIIlll (INnoVation)

  • Race: Terran Terran
  • League: Master
  • Spawn Location: 11:00

Denver - Winner!

  • Race: Zerg Zerg
  • League: Master
  • Spawn Location: 5:00

Event: HomeStory Cup XVIII

VOD

Have the link to the VOD?

Description

Time

  • Played on: Nov. 22, 2018, 4:29 p.m.
  • Length: 4:47

All games in this series

Show
View Real Time Build Order
Export as new Build Order

lIIllllIIlll Terran 

Build Orders: Reaper Expand 

Get SALT Encoding   

  12  0:00  SCV  
  13  0:12  SCV  
  14  0:17  Supply Depot  
  14  0:24  SCV  
  15  0:38  SCV  
  15  0:40  Barracks  
  16  0:43  Refinery  
  16  0:50  SCV  
  17  1:02  SCV  
  18  1:14  SCV  
  19  1:26  Reaper  
  19  1:27  Orbital Command  
  20  1:38  Command Center  
  20  1:49  Barracks  
  20  1:52  SCV  
  21  1:59  Barracks Reactor  
  21  2:04  SCV  
  21  2:07  Supply Depot  
  22  2:17  SCV  
  22  2:18  Refinery  
  23  2:23  Factory  
  23  2:29  SCV  
  24  2:35  Marine  
  24  2:36  Marine, Barracks Tech Lab  
  25  2:41  SCV  
  25  2:44  Command Center  
  25  2:53  Marine x2, SCV  
  28  3:06  SCV  
  29  3:14  Supply Depot  
  29  3:18  SCV  
  30  3:23  Starport  
  30  3:26  Factory Reactor  
  30  3:30  SCV  
  31  3:35  Marine x2  
  31  3:36  Marine  
  34  3:42  SCV  
  34  3:43  Supply Depot  
  35  3:54  Marine x3, SCV  
  39  4:06  Medivac x2, SCV  
  44  4:14  Marine x2  
  47  4:19  Marine  
  41  4:29  SCV  
Show
View Real Time Build Order
Export as new Build Order

Denver Zerg - Winner!

Build Orders: Pool First 

Get SALT Encoding   

  12  0:00  Drone  
  13  0:07  Drone  
  14  0:18  Extractor, Drone  
  14  0:32  Spawning Pool  
  14  0:35  Drone  
  14  0:43  Extractor  
  14  0:44  Drone  
  14  0:49  Overlord  
  15  1:18  Metabolic Boost  
  15  1:19  Zergling x6  
  18  1:31  Zergling x2  
  19  1:39  Hatchery  
  18  1:42  Zergling x2  
  19  1:52  Zergling x2  
  20  1:56  Queen  
  22  2:04  Overlord  
  22  2:23  Zergling x2  
  22  2:25  Zergling x2  
  24  2:32  Queen  
  26  2:37  Zergling x2  
  27  2:46  Drone  
  28  2:52  Drone  
  28  2:58  Drone  
  30  3:04  Zergling x2  
  30  3:05  Zergling x6  
  34  3:12  Baneling Nest  
  33  3:13  Zergling x4  
  35  3:20  Overlord  
  35  3:25  Zergling x2  
  36  3:37  Overlord  
  36  3:41  Zergling x4  
  38  3:45  Zergling x4  
  40  3:50  Zergling x2  
  41  3:56  Baneling x3  
  41  3:59  Baneling  
  41  4:01  Baneling  
  41  4:05  Baneling  
  41  4:07  Zergling x2  
  41  4:09  Zergling x2  
  41  4:18  Zergling x4  
  41  4:22  Zergling x2  
Tags
 
Add a new tag
Caveats
  • Supply blocks, unpowered buildings, or Contaminate may cause inaccurate times.
  • Supply counts are checked every 10 seconds.